 Dungeon Crawl Stone Soup version 0.27-a0-1101-ge311f74bc8 (webtiles) character file.

Game seed: 6266370834313235552

54 tardwrangler69 the Digger (level 3, -6/21 HPs)
             Began as an Octopode Earth Elementalist on Apr 29, 2021.
             Shot with an arrow by a centaur (13 damage)
             ... on level 2 of the Dungeon.
             The game lasted 00:01:47 (1529 turns).

tardwrangler69 the Digger (OpEE)                    Turns: 1529, Time: 00:01:47

Health: -6/21      AC:  1    Str:  7    XL:     3   Next: 91%
Magic:  3/7        EV: 13    Int: 18    God:
Gold:   76         SH:  0    Dex: 12    Spells: 6/7 levels left

rFire    . . .     SeeInvis .   g - staff of earth
rCold    . . .     Faith    .   (no shield)
rNeg     . . .     Spirit   .   (helmet restricted)
rPois    .         Reflect  .   (no amulet)
rElec    .         Harm     .   c - ring of flight
rCorr    .         Rampage  .   f - +4 ring of slaying
Will     .....                  (no ring)
Stlth    +++.......             (no ring)
HPRegen  0.07/turn              (no ring)
MPRegen  0.10/turn              (no ring)
                                (no ring)
                                (no ring)

@: flying
A: almost no armour, amphibious, 8 rings, camouflage 1, gelatinous body 1,
(nimble swimmer 1), tentacles
a: no special abilities


You were on level 2 of the Dungeon.
You visited 1 branch of the dungeon, and saw 2 of its levels.

You collected 76 gold pieces.

Inventory:

Hand Weapons
 d - a +0 short sword
Missiles
 b - 20 stones
Magical Staves
 g - a staff of earth (weapon)
Jewellery
 c - a ring of flight (left tentacle)
 f - a +4 ring of slaying (right tentacle)
Scrolls
 a - a scroll of identify {unknown}
Potions
 e - a potion of magic {unknown}


   Skills:
 - Level 2.0 Dodging
 - Level 2.6 Stealth
 + Level 2.6 Spellcasting
 - Level 1.0 Transmutations
 * Level 4.2 Earth Magic


You had 6 spell levels left.
You knew the following spells:

 Your Spells              Type           Power      Damage    Failure   Level
a - Sandblast             Erth           52%        2d12      3%          1

Your spell library contained the following spells:

 Spells                   Type           Power      Damage    Failure   Level
 Passwall                 Tmut/Erth      14%        N/A       9%          2
 Stone Arrow              Conj/Erth      30%        3d8       22%         3
 Petrify                  Tmut/Erth      17%        N/A       50%         4
 Lee's Rapid Deconstruct  Erth           13%        3d10*     63%         5


Dungeon Overview and Level Annotations

Branches:
Dungeon (2/15)

Altars:


Innate Abilities, Weirdness & Mutations

You cannot wear most types of armour.
You are amphibious.
You can wear up to eight rings at the same time.
Your skin changes colour to match your surroundings (Stealth+).
Your rubbery body absorbs attacks. (AC +1, EV +1)
((You are camouflaged near water. (Stealth+)))
You have tentacles for arms and can constrict up to eight enemies at once.


Message History

You now have 76 gold pieces (gained 16).
Things that are here:
a staff of earth; a hobgoblin corpse
g - a staff of earth
g - a staff of earth (weapon)
There are no objects that can be picked up here. a hobgoblin corpse A ball python is nearby!
A ball python is nearby!
A ball python is nearby!
A ball python is nearby!
The ball python hisses angrily.
Casting: Sandblast (safe; 3% risk of failure)
Confirm with . or Enter, or press ? or * to list all spells.
Aiming: Sandblast (safe; 3% risk of failure)
Press: ? - help, Shift-Dir - straight line, f - ball python
Aim: a ball python (78% to hit)
You feel a surge of power!
The blast of sand hits the ball python!!
You kill the ball python!
You hear an angry hiss.
Casting: Sandblast (safe; 3% risk of failure)
Confirm with . or Enter, or press ? or * to list all spells.
Aiming: Sandblast (safe; 3% risk of failure)
Press: ? - help, Shift-Dir - straight line, f - centaur
Aim: a centaur, quivering arrows (88% to hit)
You feel a surge of power!
The blast of sand hits the centaur!
The centaur is heavily wounded.
The centaur wields a +0 shortbow.
The centaur shoots an arrow.
The arrow hits you!
Ouch! That really hurt!
Casting: Sandblast (safe; 3% risk of failure)
Confirm with . or Enter, or press ? or * to list all spells.
Aiming: Sandblast (safe; 3% risk of failure)
Press: ? - help, Shift-Dir - straight line, f/p - centaur
Aim: a centaur, wielding a +0 shortbow and quivering arrows (heavily wounded, 88% to hit)
You feel a surge of power!
The blast of sand misses the centaur.
The centaur shoots an arrow.
The arrow hits you!
Ouch! That really hurt!
You die...

........
###.....##
#?....... ##
#......###
#.h.#..c.##..
#.S<>.##.#
#...S.##.##
#.S#####†.#
#..c†.@...#
##.###....# #.
#..P.# #.
#...P## ##.
#.....#...
....##.....#..#
#....?.......##
#.###.........#
#.....##..####
.


You could see a centaur and an adder.

Vanquished Creatures
  An adder (D:2)
  2 dart slugs (D:1)
  3 ball pythons
  5 bats
  A bat skeleton (D:2)
  An endoplasm (D:1)
  A giant cockroach (D:1)
  2 goblins (D:1)
  4 hobgoblins
  6 jackals
  2 quokkas
  A ball python skeleton (D:2)
  3 frilled lizards
  A jackal skeleton (D:2)
  3 kobolds (D:1)
  A quokka skeleton (D:2)
  A rat (D:2)
38 creatures vanquished.

Vanquished Creatures (others)
  A withered plant (D:2)
1 creature vanquished.

Grand Total: 39 creatures vanquished

Notes
Turn   | Place    | Note
-------+----------+-------------------------------------------
     0 | D:1      | tardwrangler69 the Octopode Earth Elementalist began the
                  | quest for the Orb.
     0 | D:1      | Reached XP level 1. HP: 11/11 MP: 3/3
   234 | D:1      | Found a faded altar of an unknown god.
   245 | D:1      | Reached XP level 2. HP: 15/17 MP: 5/5
   927 | D:1      | Reached XP level 3. HP: 21/21 MP: 4/6
  1226 | D:2      | Noticed a centaur
  1353 | D:2      | Reached skill level 4 in Earth Magic
  1529 | D:2      | Shot with an arrow by a centaur

Illustrated notes

Levels and vault maps discovered:
D:1:      lightli_arrival_isolated_outpost, layout_loops_ring,
          hellmonk_ecumenical_altar_crossroads
D:2:      layout_loops_ring, basic_altar, serial_undead, serial_undead_d,
          serial_undead_d, serial_undead_e, serial_undead_c, serial_undead_b,
          serial_undead_b, chequers_decorated_corner

Skill      XL: |  1  2  3 |
---------------+----------+-----
Earth Magic    | 4 |  4.2
Dodging        | |  2.0
Stealth        | |  2.6
Spellcasting   | |  2.6
Transmutations | |  1.0

Action                   || total
-------------------------++-------
Melee: Unarmed           ||    41
       Constrict         ||    22
       Tentacles         ||    21
       Short sword       ||    29
 Cast: Sandblast         ||    10
 Stab: Sleeping          ||    16
Armor: Skin              ||     6
Dodge: Dodged            ||    34

Table legend: (Time is in decaauts)
 A = Elapsed time spent in this place.
 B = Non-inter-level travel time spent in this place.
 C = Inter-level travel time spent in this place.
 D = Time resting spent in this place.
 E = Time spent auto-exploring this place.
 F = Levels seen in this place.
 G = Mean time per level.
                   A        B        C        D        E       F      G
               +--------+--------+--------+--------+--------+-----+--------+
         Total |   1530 |   1473 |     57 |      0 |   1225 |   2 |  765.0 |
       Dungeon |   1530 |   1473 |     57 |      0 |   1225 |   2 |  765.0 |
               +--------+--------+--------+--------+--------+-----+--------+

Top non-repeatable levels by time:
     D:1: 1265 daAuts
     D:2: 265 daAuts
